 Dungeon Crawl Stone Soup version 0.29-a0-997-gf6f7e2dfe7 (webtiles) character file.

Game seed: 6933178014958416091

2237 frimble the Shooter (level 9, 0/64 HPs)
             Began as a Demonspawn Earth Elementalist on Aug 5, 2022.
             Was a Believer of Okawaru.
             Succumbed to a kobold brigand's curare-tipped dart
             ... on level 7 of the Dungeon.
             The game lasted 00:07:44 (6051 turns).

frimble the Shooter (Demonspawn Earth Elementalist) Turns: 6051, Time: 00:07:44

Health: 0/64       AC:  7    Str: 20    XL:     9   Next: 14%
Magic:  11/12      EV: 15    Int: 18    God:    Okawaru [**....]
Gold:   279        SH:  0    Dex: 16    Spells: 11/12 levels left

rFire   + . .      SeeInvis .   w - +8 sling "Goumit" {speed, rF+ Str+3}
rCold   . . .      Faith    .   (no shield)
rNeg    . . .      Spirit   .   D - +1 leather armour of Inquiry {-Cast Will++ Str+8 Dex-2}
rPois   .          Reflect  .   (no helmet)
rElec   .          Harm     .   (no cloak)
rCorr   .          Rampage  .   (no gloves)
Will    ++...      NoCast   +   i - +2 pair of boots
Stlth   ++++......              (no amulet)
HPRegen 0.20/turn               (no ring)
MPRegen 0.13/turn               (no ring)

@: lethally poisoned (0 -> -9), heroic, slowed, very slow
A: thin skeletal structure 1, foul stench 2, demonic magic 3
a: Renounce Religion, Heroism


You were on level 7 of the Dungeon.
You worshipped Okawaru.
Okawaru was pleased with you.
You visited 2 branches of the dungeon, and saw 8 of its levels.

You collected 279 gold pieces.

Inventory:

Hand Weapons
 d - a +0 mace
 f - a +0 dagger of speed
 t - a +2 short sword of draining
 w - the +8 sling "Goumit" (weapon) {speed, rF+ Str+3}
   (You found it on level 5 of the Dungeon)

   Attacks with this weapon are significantly faster.
   Str:       It affects your strength (+3).
   rF:        It protects you from fire.
Armour
 e - a +0 kite shield
 i - a +2 pair of boots (worn)
 s - a +2 robe of fire resistance
 D - the +1 leather armour of Inquiry (worn) {-Cast Will++ Str+8 Dex-2}
   (You found it on level 7 of the Dungeon)

   Str:       It affects your strength (+8).
   Dex:       It affects your dexterity (-2).
   -Cast:     It prevents spellcasting.
   Will:      It greatly increases your willpower.
Jewellery
 c - a ring of fire
 z - a ring of wizardry
Wands
 v - a wand of flame (11)
 y - a wand of digging (6)
Scrolls
 a - a scroll of enchant weapon {unknown}
 g - 2 scrolls of magic mapping {unknown}
 j - a scroll of immolation {unknown}
 k - a scroll of blinking {unknown}
 p - 5 scrolls of identify
 q - 3 scrolls of amnesia {unknown}
 r - 4 scrolls of teleportation {unknown}
 u - 3 scrolls of enchant armour {unknown}
 B - a scroll of poison {unknown}
Potions
 b - a potion of magic
 h - 3 potions of curing {unknown}
 l - a potion of flight {unknown}
 m - a potion of haste {unknown}
 n - 2 potions of heal wounds {unknown}
 o - a potion of ambrosia {unknown}
 x - a potion of might {unknown}
 A - 2 potions of invisibility {unknown}
 C - a potion of attraction {unknown}


   Skills:
 - Level 3.5(8.5) Fighting
 - Level 3.1(8.1) Short Blades
 + Level 7.3(12.3) Ranged Weapons
 - Level 2.0(7.0) Dodging
 - Level 2.0(7.0) Stealth
 - Level 1.1(6.1) Shields
 - Level 2.1 Spellcasting
 - Level 3.6 Transmutations
 - Level 4.4 Earth Magic
 + Level 5.0 Invocations


You had 11 spell levels left.
You knew the following spells:

 Your Spells              Type           Power      Damage    Failure   Level
a - Sandblast             Erth           36%        2d10      3%          1

Your spell library contained the following spells:

 Spells                   Type           Power      Damage    Failure   Level
 Passwall                 Tmut/Erth      13%        N/A       6%          2
 Stone Arrow              Conj/Erth      20%        3d8       24%         3
 Spider Form              Tmut/Pois      8%         N/A       28%         3
 Blink                    Tloc           2%         N/A       30%         2
 Ensorcelled Hibernation  Hex/Ice        2%         N/A       30%         2
 Petrify                  Tmut/Erth      16%        N/A       36%         4
 Lesser Beckoning         Tloc           1%         N/A       52%         3
 Anguish                  Hex/Necr       0%         N/A       90%         4
 Manifold Assault         Tloc           1%         N/A       99%         5


Dungeon Overview and Level Annotations

Branches:
Dungeon (7/15)             Temple (1/1) D:5

Altars:
Cheibriados
Fedhas
Hepliaklqana
Kikubaaqudgha
Nemelex Xobeh
Okawaru
Ru
Trog
Uskayaw
Vehumet
Xom

Annotations:
D:4 dig


Innate Abilities, Weirdness & Mutations

You have a somewhat thin skeletal structure. (Dex +2, Stealth+)
You sometimes emit foul miasma when damaged in melee.
Spells you cast and wands you use may paralyse nearby enemies.


Message History

A kobold is nearby!
Fire: w) +8 sling "Goumit" {speed, rF+ Str+3}
Press: ? - help, Q - select action, (/) - cycle Shift-Dir - straight line, f - kobold
Aim: a kobold, wielding a +0 club (69% to hit)
You shoot a sling bullet.
The sling bullet closely misses the kobold.
You hear an angry hiss.
Fire: w) +8 sling "Goumit" {speed, rF+ Str+3}
Press: ? - help, Q - select action, (/) - cycle Shift-Dir - straight line, f/p - kobold
Aim: a kobold, wielding a +0 club (69% to hit)
You shoot a sling bullet.
The sling bullet barely misses the kobold.
Fire: w) +8 sling "Goumit" {speed, rF+ Str+3}
Press: ? - help, Q - select action, (/) - cycle Shift-Dir - straight line, f/p - kobold
Aim: a kobold, wielding a +0 club (69% to hit)
You shoot a sling bullet. The sling bullet hits the kobold.
You kill the kobold!
Okawaru accepts your kill.
A kobold brigand comes into view.
It is wielding a +0 dagger and quivering curare-tipped darts.
A kobold brigand is nearby!
A kobold brigand is nearby!
Fire: w) +8 sling "Goumit" {speed, rF+ Str+3}
Press: ? - help, Q - select action, (/) - cycle Shift-Dir - straight line, f - kobold brigand
Aim: a kobold brigand, wielding a +0 dagger and quivering curare-tipped darts (69% to hit)
You shoot a sling bullet.
The sling bullet barely misses the kobold brigand.
You hear a shout!
The kobold brigand throws a curare-tipped dart.
The curare-tipped dart hits you.
You are lethally poisoned!
You have difficulty breathing.
* * * LOW HITPOINT WARNING * * *
You feel yourself slow down.
Fire: w) +8 sling "Goumit" {speed, rF+ Str+3}
Press: ? - help, Q - select action, (/) - cycle Shift-Dir - straight line, f/p - kobold brigand
Aim: a kobold brigand, wielding a +0 dagger and quivering curare-tipped darts (69% to hit)
You shoot a sling bullet.
The sling bullet hits the kobold brigand.
The kobold brigand is lightly wounded.
You die...

.#########...###.# .
.........'....##.# ..
.###.....#.....#.# ...
.# #.....#.......##.. .#
#.....#.....#.K.
.#########.....#.####.#
.................)....#
.............##.)####.#
.............##.@#
...........#####..).....
#.......... #......#.
#.......... ##....#.#
...... .. #.........
...... #.###+### ..#.##
#.#$.$..#. ###.#
#.#..$..#. ....#
####.#.._.$#


You could see a kobold brigand.

Vanquished Creatures
  Joseph (D:7)
  Grinder (D:3)
  Sigmund (D:3)
  3 water moccasins
  2 centaurs (D:5)
  A phantom (D:5)
  5 scorpions
  2 jellies (D:5)
  2 orc priests (D:6)
  4 hounds
  Natasha (thrice) (D:4)
  8 iguanas
  2 orc wizards
  5 adders
  3 white imps
  3 ufetubi
  13 orcs
  8 ball pythons
  8 endoplasms
  A giant cockroach (D:1)
  6 goblins
  4 hobgoblins
  7 jackals (D:1)
  A quokka (D:1)
  3 bats
  3 frilled lizards
  8 kobolds
  6 rats
  A bush (D:5)
115 creatures vanquished.

Notes
Turn   | Place    | Note
-------+----------+-------------------------------------------
     0 | D:1      | frimble the Demonspawn Earth Elementalist began the quest
                  | for the Orb.
     0 | D:1      | Reached XP level 1. HP: 13/13 MP: 3/3
   242 | D:1      | Reached skill level 1 in Transmutations
   452 | D:1      | Gained mutation: Spells you cast may paralyse adjacent
                  | enemies. [demonic ancestry]
   452 | D:1      | Reached XP level 2. HP: 7/19 MP: 1/5
   455 | D:1      | HP: 1/28 [ball python (2)]
  1352 | D:1      | Found a faded altar of an unknown god.
  1431 | D:1      | Gained mutation: You may rarely emit foul miasma when
                  | damaged in melee. [demonic ancestry]
  1431 | D:1      | Reached XP level 3. HP: 20/25 MP: 6/6
  1605 | D:2      | Reached skill level 1 in Fighting
  2655 | D:3      | Reached XP level 4. HP: 32/32 MP: 7/7
  2901 | D:3      | Noticed Grinder
  2910 | D:3      | Killed Grinder
  2911 | D:3      | Reached XP level 5. HP: 21/41 MP: 4/8
  2911 | D:3      | Gained mutation: Spells you cast may paralyse nearby
                  | enemies. [demonic ancestry]
  2911 | D:3      | Reached XP level 6. HP: 24/47 MP: 4/9
  3227 | D:3      | Noticed Sigmund
  3236 | D:3      | Killed Sigmund
  3440 | D:4      | Found a sacrificial altar of Ru.
  3498 | D:4      | Noticed Natasha
  3506 | D:4      | Killed Natasha
  3507 | D:4      | Reached skill level 1 in Short Blades
  3719 | D:4      | Noticed Natasha
  3728 | D:4      | Killed Natasha
  3729 | D:4      | Gained mutation: You sometimes emit foul miasma when
                  | damaged in melee. [demonic ancestry]
  3729 | D:4      | Reached XP level 7. HP: 43/52 MP: 7/10
  4241 | D:4      | Noticed Natasha
  4247 | D:4      | Killed Natasha
  4278 | D:5      | Entered Level 5 of the Dungeon
  4377 | D:5      | Identified the +8 sling "Goumit" {speed, rF+ Str+3}
  4642 | D:5      | Reached skill level 2 in Ranged Weapons
  4661 | D:5      | Found a staircase to the Ecumenical Temple.
  4716 | D:5      | Reached skill level 3 in Ranged Weapons
  4880 | D:5      | Reached skill level 4 in Ranged Weapons
  4880 | D:5      | Gained mutation: Spells you cast and wands you use may
                  | paralyse nearby enemies. [demonic ancestry]
  4880 | D:5      | Reached XP level 8. HP: 56/58 MP: 11/11
  4895 | Temple   | Entered the Ecumenical Temple
  4964 | Temple   | Became a worshipper of Warmaster Okawaru
  5297 | D:6      | Reached skill level 5 in Ranged Weapons
  5569 | D:6      | Reached skill level 6 in Ranged Weapons
  5604 | D:6      | Reached skill level 1 in Shields
  5625 | D:6      | Reached skill level 1 in Invocations
  5636 | D:6      | Reached * piety under Okawaru
  5891 | D:7      | Found a snail-covered altar of Cheibriados.
  5894 | D:7      | Noticed Joseph
  6001 | D:7      | Identified the +1 leather armour of Inquiry {-Cast Will++
                  | Str+8 Dex-2}
  6037 | D:7      | Killed Joseph
  6037 | D:7      | Reached ** piety under Okawaru
  6038 | D:7      | Reached skill level 7 in Ranged Weapons
  6038 | D:7      | Reached skill level 5 in Invocations
  6038 | D:7      | Gained mutation: You have a somewhat thin skeletal
                  | structure. (Dex +2, Stealth+) [demonic ancestry]
  6038 | D:7      | Reached XP level 9. HP: 7/64 MP: 9/12
  6050 | D:7      | HP: 3/64 [asphyx]
  6051 | D:7      | Succumbed to a kobold brigand's curare-tipped dart

Illustrated notes

Levels and vault maps discovered:
D:1:      beargit_arrival_greenhouse, layout_loops_cross,
          shapermc_ecumenical_altar_petra, corner_web_ring
D:2:      layout_loops_ring, kennysheep_generic_room_11
D:3:      layout_basic, hex_intersection, minmay_quantized, uniq_grinder,
          uniq_sigmund
D:4:      layout_gridville, nicolae_ru_awakened_eye, item_on_display_a,
          uniq_natasha
D:5:      layout_basic, minmay_temple_entry_gardened_gates,
          kb_lookout_dungeons_type, nicolae_figureground_pulse
D:6:      layout_basic, elyvilon_altar_5
D:7:      statuecave_lemuel, layout_basic, pdpol_wu_jian_five_deadly_venoms,
          mainiacjoe_overflow_brackets, amcnicky_altar_gilded,
          minmay_misc_feat_chi, uniq_joseph
Temple:   hellmonk_temple_of_storms

Skill      XL: |  1  2  3  4  5  6  7  8 |
---------------+-------------------------+-----
Transmutations | 1 2 3 |  3.6
Stealth        | 2 |  2.0
Dodging        | 2 |  2.0
Earth Magic    | 3 4 |  4.4
Fighting       | 1 3 |  3.5
Short Blades   | 1 3 |  3.1
Ranged Weapons | 4 7 |  7.3
Shields        | 1 |  1.1
Invocations    | 5 |  5.0
Spellcasting   | |  2.1

Action                   |  1- 3 |  4- 6 |  7- 9 || total
-------------------------+-------+-------+-------++-------
Melee: Mace              |    10 |       |       ||    10
       Unarmed           |     2 |       |       ||     2
       Dagger            |   128 |    41 |       ||   169
       Punch             |       |     2 |       ||     2
       Short sword       |       |     9 |    63 ||    72
 Fire: Sling             |       |       |   169 ||   169
 Cast: Sandblast         |    18 |    14 |     4 ||    36
Invok: Heroism           |       |       |     1 ||     1
  Use: Scroll            |     1 |       |       ||     1
       Potion            |     1 |       |       ||     1
 Stab: Sleeping          |     7 |     3 |     3 ||    13
       Paralysed         |     5 |    12 |       ||    17
Armor: Robe              |    49 |    11 |    10 ||    70
       Skin              |     6 |       |       ||     6
Dodge: Dodged            |    95 |    28 |    22 ||   145

Table legend: (Time is in decaauts)
 A = Elapsed time spent in this place.
 B = Non-inter-level travel time spent in this place.
 C = Inter-level travel time spent in this place.
 D = Time resting spent in this place.
 E = Time spent auto-exploring this place.
 F = Levels seen in this place.
 G = Mean time per level.
                   A        B        C        D        E       F      G
               +--------+--------+--------+--------+--------+-----+--------+
         Total |   5988 |   5762 |    226 |     17 |   4880 |   8 |  748.5 |
       Dungeon |   5897 |   5696 |    201 |     17 |   4824 |   7 |  842.4 |
        Temple |     90 |     65 |     25 |      0 |     56 |   1 |   90.0 |
               +--------+--------+--------+--------+--------+-----+--------+

Top non-repeatable levels by time:
     D:1: 1559 daAuts
     D:3: 1203 daAuts
     D:4: 890 daAuts
     D:5: 885 daAuts
     D:6: 642 daAuts
     D:2: 604 daAuts
     D:7: 111 daAuts
  Temple: 90 daAuts
